 Dungeon Crawl Stone Soup version 0.32-a0-360-gcd93b57ba1 (webtiles) character file.

Game seed: 5790534193448769741

630 Goblin1989 the Cutter (level 7, -2/54 HPs)
             Began as a Coglin Brigand on Feb 18, 2024.
             Slain by an ogre
             ... wielding a +0 giant spiked club
              (11 damage)
             ... on level 5 of the Dungeon.
             The game lasted 00:10:30 (3724 turns).

Goblin1989 the Cutter (Coglin Brigand)              Turns: 3724, Time: 00:10:31

Health: -2/54      AC:  7    Str: 11    XL:     7   Next: 48%
Magic:  7/7        EV: 14    Int: 10    God:
Gold:   298        SH:  0    Dex: 24    Spells: 6/6 levels left

rFire   . . .        F - +0 rapier {Kamaljyot}
rCold   . . .        n - +0 dagger (holy) {Jasleen}
rNeg    . . .        b - +0 robe
rPois   .            (no helmet)
rElec   .            c - +0 cloak
rCorr   .            B - +0 pair of gloves
SInv    .            s - +2 pair of boots {rampage}
Will    .....        (no amulet)
Stlth   +++          o - +6 ring of dexterity
HPRegen 0.29/turn    g - ring of wizardry
MPRegen 0.10/turn

%: rampage, wizardry (x1)
@: lethally poisoned (-2 -> -22), revved
A: off-hand wielding, slow wielding, warmup strikes, warmup strides
a: no special abilities


You were on level 5 of the Dungeon.
You visited 1 branch of the dungeon, and saw 5 of its levels.

You collected 298 gold pieces.

Inventory:

Hand Weapons
 a - a +2 dagger {Hajoon}
 n - a +0 dagger of holy wrath (worn) {Jasleen}
 F - a +0 rapier (weapon) {Kamaljyot}
Missiles
 d - 27 poisoned darts (quivered)
 e - 3 curare-tipped darts
Armour
 b - a +0 robe (worn)
 c - a +0 cloak (worn)
 s - a +2 pair of boots of rampaging (worn)
 B - a +0 pair of gloves (worn)
Jewellery
 g - a ring of wizardry (right grasper)
 o - a +6 ring of dexterity (left grasper)
Wands
 v - a wand of mindburst (15)
Scrolls
 f - a scroll of fear {unknown}
 h - a scroll of poison {unknown}
 k - a scroll of vulnerability {unknown}
 l - 3 scrolls of fog {unknown}
 m - 6 scrolls of identify {unknown}
 p - a scroll of blinking {unknown}
 q - a scroll of teleportation {unknown}
 x - a scroll of acquirement {unknown}
 y - a scroll of enchant weapon {unknown}
 A - 2 scrolls of immolation {unknown}
 D - a scroll of noise {unknown}
 G - a scroll of summoning {unknown}
Potions
 r - a potion of ambrosia
 t - a potion of degeneration {unknown}
 u - a potion of curing {unknown}
 w - 2 potions of attraction {unknown}
 z - 2 potions of heal wounds {unknown}
 C - a potion of brilliance {unknown}
 E - a potion of lignification {unknown}


   Skills:
 + Level 4.0 Fighting
 * Level 4.6 Short Blades
 - Level 2.3 Throwing
 + Level 3.0 Dodging
 + Level 4.5 Stealth


You had 6 spell levels left.
You didn't know any spells.
Your spell library contained the following spells:

 Spells                   Type           Power      Damage    Failure   Level
 Blink                    Tloc           0%         N/A       22%         2
 Lesser Beckoning         Tloc           0%         N/A       22%         2
 Momentum Strike          Conj/Tloc      0%         3d8       22%         2


Dungeon Overview and Level Annotations

Branches:
Dungeon (5/15) Zot: 26183
 Temple: D:4-7

Altars:
Xom

Annotations:
D:1 1 runed translucent door
D:3 3 runed translucent doors, DEFE's ghost, amateur MDFi


Innate Abilities, Weirdness & Mutations

You can wield a second weapon in your off-hand.
It takes a long time for you to wield or remove held weapons.
Your first few attacks do less damage.
Your first movements take longer.


Message History

A white imp comes into view.
Health restored: 53 A white imp is nearby!
A white imp is nearby!
Found a scroll labelled FEKLAZ XURIW.
The helpless white imp fails to defend itself.
You impale the white imp with your +0 rapier!!
You kill the white imp!
Your Fighting skill increases to level 4!
Health restored: 54 No target in view!
No target in view!
No target in view!
No target in view!
No target in view!
No target in view!
No target in view!
No target in view!
No target in view!
No target in view!
No target in view!
No target in view!
No target in view!
No target in view!
m - 6 scrolls labelled FEKLAZ XURIW (gained 1)
You now have 298 gold pieces (gained 14).
A water moccasin comes into view.
A water moccasin is nearby!
A water moccasin is nearby!
An ogre comes into view. It is wielding a +0 giant spiked club.
The ogre shouts!
The water moccasin misses you.
A sleepcap comes into view.
You hit the water moccasin with your +0 dagger of holy wrath.
The water moccasin is lightly wounded.
You hit the water moccasin with your +0 rapier.
The water moccasin bites you but does no damage.
You closely miss the water moccasin with your +0 dagger of holy wrath.
The water moccasin is moderately wounded.
You closely miss the water moccasin with your +0 rapier.
The water moccasin bites you but does no damage.
You miss the water moccasin with your +0 rapier.
The water moccasin is moderately wounded.
You closely miss the water moccasin with your +0 dagger of holy wrath.
The water moccasin bites you.
You are poisoned.
The water moccasin poisons you!
You take 1 damage, and have 53/54 hp.
You miss the water moccasin with your +0 dagger of holy wrath.
The water moccasin is moderately wounded.
You hit the water moccasin but do no damage.
You feel very sick.
The water moccasin bites you but does no damage.
The ogre misses you.
You take 4 damage, and have 49/54 hp.
You hit the water moccasin with your +0 dagger of holy wrath.
The water moccasin is heavily wounded.
You hit the water moccasin but do no damage.
You feel sick. The water moccasin bites you.
You take 3 damage, and have 46/54 hp.
You hit the water moccasin with your +0 rapier.
The water moccasin is severely wounded.
You hit the water moccasin with your +0 dagger of holy wrath.
You feel very sick. The water moccasin bites you.
You are more poisoned.
The water moccasin poisons you! The ogre barely misses you.
The water moccasin bites you but does no damage.
You take 4 damage, and have 42/54 hp.
You closely miss the water moccasin with your +0 dagger of holy wrath.
The water moccasin is severely wounded.
You hit the water moccasin with your +0 rapier.
You feel very sick. The water moccasin bites you.
You are lethally poisoned!
The water moccasin poisons you!
The ogre hits you with a +0 giant spiked club!
* * * LOW HITPOINT WARNING * * *
You take 21 damage, and have 21/54 hp.
MASSIVE DAMAGE!!
You are too injured to fight recklessly!
You are too injured to fight recklessly!
You are too injured to fight recklessly!
You are too injured to fight recklessly!
You are too injured to fight recklessly!
You are too injured to fight recklessly!
You are too injured to fight recklessly!
You are too injured to fight recklessly!
You are too injured to fight recklessly!
You are too injured to fight recklessly!
You are too injured to fight recklessly!
You are too injured to fight recklessly!
You are too injured to fight recklessly!
You are too injured to fight recklessly!
You are too injured to fight recklessly!
You are too injured to fight recklessly!
* * * LOW HITPOINT WARNING * * *
You feel extremely sick. The water moccasin barely misses you.
The ogre attacks as it pursues you!
The ogre hits you with a +0 giant spiked club!
You die...

█.█.██.█ █
██████.█.██.█ █
█...........█████
█................
█...........█████
.██████..........██
.................█
█.███████...$......█
.......S@....█████.█
......fO...█.█ █.█
.██...█......█ █.█
..... █.██.███ ██.█
█....█ .. █..... █


███████ ███ ..█ █.█ You could see a water moccasin, an ogre and a sleepcap.

Vanquished Creatures
  A howler monkey (D:4)
  2 bombardier beetles (D:3)
  A hound (D:5)
  A jelly (D:4)
  An iguana (D:5)
  Ijyb (D:3)
  2 orc wizards (D:3)
  11 gnolls
  7 adders
  A white imp (D:5)
  2 ribbon worms (D:2)
  A dart slug (D:4)
  4 orcs
  12 endoplasms
  6 giant cockroaches
  9 goblins
  8 hobgoblins
  4 jackals (D:4)
  8 quokkas
  11 ball pythons
  6 bats
  5 frilled lizards
  5 kobolds
  5 rats
114 creatures vanquished.

Notes
Turn   | Place    | Note
-------+----------+-------------------------------------------
     0 | D:1      | Goblin1989 the Coglin Brigand began the quest for the Orb.
     0 | D:1      | Reached XP level 1. HP: 16/16 MP: 1/1
     0 | D:1      | Noticed a jelly
     0 | D:1      | Goblin1989: ??сщпдшт
     0 | D:1      | beem: I don't have a page labeled сщпдшт in my learndb.
     0 | D:1      | Goblin1989: ??coglin
     0 | D:1      | beem: coglin[1/1]: Dual-wielding species. Goblin tinkerers
                  | that ride magic exoskeletons! New in 0.32.
     1 | D:1      | Found a runed translucent door.
    21 | D:1      | Reached skill level 1 in Dodging
   103 | D:1      | Reached XP level 2. HP: 21/22 MP: 2/2
   234 | D:1      | Reached XP level 3. HP: 26/27 MP: 3/3
   550 | D:2      | Found a shimmering altar of Xom.
   628 | D:2      | Reached XP level 4. HP: 34/34 MP: 4/4
   944 | D:2      | Reached XP level 5. HP: 20/40 MP: 5/5
  1512 | D:3      | Noticed Ijyb
  1525 | D:3      | Killed Ijyb
  1588 | D:3      | Found a runed translucent gate.
  1590 | D:3      | Found a runed translucent gate.
  1591 | D:3      | Found a runed translucent gate.
  1592 | D:3      | Noticed DEFE's ghost (amateur MDFi)
  1625 | D:3      | Reached XP level 6. HP: 28/47 MP: 6/6
  2871 | D:4      | Reached XP level 7. HP: 52/52 MP: 7/7
  3267 | D:5      | Entered Level 5 of the Dungeon
  3724 | D:5      | Slain by an ogre

Illustrated notes

Levels and vault maps discovered:
D:1:      dpeg_arrival_caged_fury, layout_rooms
D:2:      minmay_spotlight, layout_loops_ring, basic_altar
D:3:      layout_loops_ring, gammafunk_ghost_split, kennysheep_generic_room_11,
          uniq_ijyb
D:4:      layout_loops_ring
D:5:      layout_basic

Skill      XL: |  1  2  3  4  5  6  7 |
---------------+----------------------+-----
Dodging        | 1 2 3 |  3.0
Throwing       | 2 |  2.3
Short Blades   | 2 3 4 |  4.6
Fighting       | 3 4 |  4.0
Stealth        | 4 |  4.5

Action                     |  1- 3 |  4- 6 |  7- 9 || total
---------------------------+-------+-------+-------++-------
  Melee: Dagger            |    93 |   294 |    95 ||   482
         Rapier            |       |       |    17 ||    17
    Use: Potion            |       |     2 |       ||     2
   Stab: Sleeping          |     4 |    30 |     5 ||    39
 Armour: Robe              |    30 |    67 |    31 ||   128
  Dodge: Dodged            |    39 |    74 |    37 ||   150

Table legend: (Time is in decaauts)
 A = Elapsed time spent in this place.
 B = Non-inter-level travel time spent in this place.
 C = Inter-level travel time spent in this place.
 D = Time resting spent in this place.
 E = Time spent auto-exploring this place.
 F = Levels seen in this place.
 G = Mean time per level.
                   A        B        C        D        E       F      G
               +--------+--------+--------+--------+--------+-----+--------+
         Total |   3814 |   3360 |    454 |     97 |   2466 |   5 |  762.8 |
       Dungeon |   3814 |   3360 |    454 |     97 |   2466 |   5 |  762.8 |
               +--------+--------+--------+--------+--------+-----+--------+

Top non-repeatable levels by time:
     D:2: 1108 daAuts
     D:4: 1039 daAuts
     D:3: 920 daAuts
     D:1: 474 daAuts
     D:5: 271 daAuts
